 Dungeon Crawl Stone Soup version 0.27-a0-1196-g3e9cee4cb2 (webtiles) character file.

Game seed: 10643196321824543939

1908 Strat the Stinger (level 8, -1/48 HPs)
             Began as a Deep Elf Venom Mage on May 28, 2021.
             Was an Initiate of Ashenzari.
             Shot with an arrow by a centaur (13 damage)
             ... on level 8 of the Dungeon.
             The game lasted 00:25:40 (9226 turns).

Strat the Stinger (Deep Elf Venom Mage)             Turns: 9226, Time: 00:25:41

Health: -1/48      AC:  2    Str: 12    XL:     8   Next: 94%
Magic:  18/18      EV: 15    Int: 22    God:    Ashenzari [......]
Gold:   334        SH:  0    Dex: 15    Spells: 7/17 levels left

rFire    . . .     SeeInvis .   b - +2 short sword (drain)
rCold    . . .     Faith    .   (no shield)
rNeg     + . .     Spirit   .   f - +0 robe
rPois    .         Reflect  .   (no helmet)
rElec    .         Harm     .   h - +0 cloak
rCorr    .         Rampage  .   (no gloves)
Will     .....                  p - +2 pair of boots "All-seeing the Ego" {Bglg, Alch} (curse)
Stlth    ++........             (no amulet)
HPRegen  0.16/turn              g - ring of positive energy
MPRegen  0.16/turn              o - +6 ring of strength

@: corroded
A: no striking features
a: Renounce Religion, Curse Item, Shatter the Chains


You were on level 8 of the Dungeon.
You worshipped Ashenzari.
Ashenzari was noncommittal.
You visited 1 branch of the dungeon, and saw 8 of its levels.

You collected 334 gold pieces.

Inventory:

Hand Weapons
 a - a +0 dagger
 b - a +2 short sword of draining (weapon)
 c - a +0 club
Missiles
 d - 181 stones
 j - 9 curare-tipped darts
 s - 3 atropa-tipped darts
Armour
 f - a +0 robe (worn)
 h - a +0 cloak (worn)
 p - the cursed +2 pair of boots "All-seeing the Ego" (worn) {Bglg, Alch}
   (You found it on level 2 of the Dungeon)

   It has a curse which improves the following skills: Beguiling: Conjurations,
   Hexes and Translocations.
   Alchemy:   Poison Magic and Transmutations.
Magical Staves
 r - a staff of earth
Jewellery
 g - a ring of positive energy (left hand)
 o - a +6 ring of strength (right hand)
Wands
 m - a wand of iceblast (6)
 q - a wand of acid (4)
 y - a wand of digging (5)
 z - a wand of mindburst (9)
 A - a wand of flame (37)
Scrolls
 n - 2 scrolls of fog
 t - a scroll of amnesia
 u - a scroll of fear
 v - 2 scrolls of teleportation
 w - a scroll of summoning
 x - a scroll of blinking
 B - a scroll of enchant armour
Potions
 e - 3 potions of curing
 i - 2 potions of lignification
 k - 3 potions of cancellation
 l - a potion of flight


   Skills:
 + Level 4.0 Fighting
 + Level 7.4 Dodging
 - Level 2.4 Stealth
 + Level 5.4 Spellcasting
 - Level 3.7(4.2) Conjurations
 - Level 1.5(2.0) Transmutations
 - Level 2.0 Fire Magic
 - Level 2.0 Air Magic
 - Level 7.5(8.0) Poison Magic


You had 7 spell levels left.
You knew the following spells:

 Your Spells              Type           Power      Damage    Failure   Level
a - Sting                 Tmut/Pois      100%       1d8       1%          1
b - Poisonous Vapours     Pois/Air       56%        N/A       1%          2
c - Mephitic Cloud        Conj/Pois/Air  26%        N/A       4%          3
d - Ignite Poison         Fire/Tmut/Pois 23%        N/A       5%          3
e - Apportation           Tloc           12%        N/A       10%         1

Your spell library contained the following spells:

 Spells                   Type           Power      Damage    Failure   Level
 Olgreb's Toxic Radiance  Pois           41%        N/A       3%          4
 Animate Skeleton         Necr           12%        N/A       10%         1
 Corona                   Hex            6%         N/A       10%         1
 Summon Small Mammal      Summ           24%        N/A       10%         1
 Dazzling Flash           Conj/Hex       30%        N/A       12%         3
 Ensorcelled Hibernation  Hex/Ice        12%        N/A       14%         2
 Confusing Touch          Hex            6%         N/A       28%         3
 Tukima's Dance           Hex            6%         N/A       28%         3


Dungeon Overview and Level Annotations

Branches:
Dungeon (8/15)             Temple (0/1) D:4
   Lair: D:8-11

Altars:
Ashenzari

Shops:
D:4 *   D:7 !   D:8 =

Annotations:
D:5 Blork the orc
D:6 Menkaure


Message History

There is a stone staircase leading up here.
The jelly misses you. The orc barely misses you.
Casting: Ignite Poison (dangerous; 5% risk of failure)
Confirm with . or Enter, or press ? or * to list all spells.
Aiming: Poisonous Vapours (safe; 1% risk of failure)
Press: ? - help, Dir - move target, f - orc
Aim: an orc, wielding a +0 club Poisonous vapours surround the orc!
The orc is engulfed in poison gas.
The orc is poisoned.
The orc closely misses you.
You puncture the orc!
You kill the orc!
You hit the jelly. You drain the jelly.
Your hands burn!
The jelly is severely wounded.
The jelly closely misses you. The jelly hits you but does no damage.
You hit the jelly. You drain the jelly.
You kill the jelly!
Things that are here:
a +0 club; an orc corpse Magic restored.
There is a stone staircase leading up here.
Things that are here:
a +0 club; an orc corpse You open the door.
An acid dragon, a centaur and a cyclops come into view.
The centaur shouts!
You hear a shout!
A bullfrog comes into view.
A water moccasin comes into view.
A bullfrog comes into view.
The centaur wields a +0 shortbow.
The centaur shoots an arrow.
The arrow hits you!
An orc comes into view. It is wielding a +0 club.
The acid dragon spits acid at you. The splash of acid hits you!
* * * LOW HITPOINT WARNING * * *
The acid corrodes you!
You are splashed with acid!
* * * LOW HITPOINT WARNING * * *
The water moccasin hisses angrily.
You hear a shout!
You hear a bellow! x3
Found a +0 chain mail, 27 stones and a book of Cantrips.
The centaur shoots an arrow.
The arrow hits you!
You die...

......##..8.<...#....#
####
.......#...........###..
.......#......8...##....
......###.........#...F.
......# #)#########.....
......###.# ...≈..
......##..# ###.c(≈S:
..........## #.'...≈.C
...........#####@#.D[≈.o
.................# ..≈..
..........######.## ....
.........### #..# .F.
...........## ##.# ..
............####### .
.................#
..............#..##
....[..........#..#


You could see a cyclops, a water moccasin, a bullfrog and a centaur.

Vanquished Creatures
  Eustachio (D:5)
  Edmund (D:6)
  2 black bears (D:4)
  2 ice beasts (D:7)
  An orc warrior (D:7)
  4 ogres
  A centaur (D:7)
  A phantom (D:6)
  2 bullfrogs (D:7)
  2 wights (D:7)
  A hound (D:7)
  2 jellies
  Crazy Yiuf (D:2)
  2 orc priests (D:7)
  A bullfrog skeleton (D:6)
  A centaur skeleton (D:7)
  Ijyb (D:5)
  An iguana (D:5)
  2 orc wizards (D:7)
  A hound zombie (D:5)
  4 adders
  A shadow imp (D:5)
  2 worms
  2 dart slugs (D:4)
  13 orcs
  3 endoplasms
  6 giant cockroaches
  11 goblins
  14 hobgoblins
  6 jackals (D:1)
  5 kobolds
  2 quokkas
  7 ball pythons
  4 bats
  2 frilled lizards
  8 rats
120 creatures vanquished.

Notes
Turn   | Place    | Note
-------+----------+-------------------------------------------
     0 | D:1      | Strat the Deep Elf Venom Mage began the quest for the Orb.
     0 | D:1      | Reached XP level 1. HP: 10/10 MP: 6/6
   352 | D:1      | Reached XP level 2. HP: 15/15 MP: 5/8
  1018 | D:2      | Reached XP level 3. HP: 15/19 MP: 4/9
  1472 | D:2      | Reached skill level 5 in Poison Magic
  1620 | D:2      | Found a runed translucent door.
  1621 | D:2      | Noticed Crazy Yiuf
  2223 | D:2      | Reached XP level 4. HP: 19/24 MP: 10/10
  2280 | D:2      | Learned a level 2 spell: Poisonous Vapours
  2284 | D:2      | Learned a level 3 spell: Mephitic Cloud
  2287 | D:2      | Learned a level 2 spell: Ensorcelled Hibernation
  2473 | D:2      | Learned a level 3 spell: Ignite Poison
  2648 | D:2      | Killed Crazy Yiuf
  2859 | D:3      | Found a broken altar of Ashenzari.
  3270 | D:3      | Became a worshipper of Ashenzari the Shackled
  3632 | D:3      | Noticed a phantom
  4023 | D:4      | Noticed a black bear
  4047 | D:4      | Killed a black bear
  4048 | D:4      | Reached skill level 1 in Fighting
  4048 | D:4      | Reached XP level 5. HP: 29/29 MP: 2/11
  4345 | D:4      | Found a staircase to the Ecumenical Temple.
  4440 | D:4      | Reached XP level 6. HP: 23/34 MP: 8/12
  4719 | D:4      | Found Yfearr's Assorted Antiques.
  5428 | D:5      | Entered Level 5 of the Dungeon
  5449 | D:5      | Noticed Blork the orc
  5456 | D:5      | Learned a level 1 spell: Apportation
  5466 | D:5      | Noticed a wraith
  5521 | D:5      | Noticed Ijyb
  5528 | D:5      | Killed Ijyb
  5816 | D:5      | Reached XP level 7. HP: 38/40 MP: 10/13
  5837 | D:5      | Noticed Eustachio
  5849 | D:5      | Killed Eustachio
  5850 | D:5      | Reached skill level 1 in Conjurations
  5850 | D:5      | Reached skill level 1 in Fire Magic
  5850 | D:5      | Reached skill level 1 in Air Magic
  5897 | D:5      | Noticed a troll
  6350 | D:6      | Noticed Edmund
  6516 | D:6      | Killed Edmund
  6517 | D:6      | Reached skill level 5 in Dodging
  6699 | D:6      | Noticed Menkaure
  6711 | D:6      | Found a sand-covered staircase.
  7087 | D:6      | Reached XP level 8. HP: 30/45 MP: 2/14
  7465 | D:7      | Found Moappu's Distillery.
  8650 | D:8      | Found Nuroaj's Jewellery Boutique.
  8731 | D:7      | Reached skill level 5 in Spellcasting
  9225 | D:8      | Noticed a cyclops
  9226 | D:8      | Shot with an arrow by a centaur

Illustrated notes

Levels and vault maps discovered:
D:1:      dpeg_arrival_rooms_a, layout_rooms
D:2:      layout_loops_ring, uniq_crazy_yiuf_cottage
D:3:      layout_basic, cheibrodos_ashenzari_chains
D:4:      corexii_shack_village, layout_basic,
          minmay_temple_entry_statues_fountains, serial_shops, shop
D:5:      layout_basic, uniq_eustachio, uniq_prince_ribbit1, uniq_ijyb,
          uniq_blork_the_orc
D:6:      layout_cave_pods, chequers_ossuary_entry_cave, skrybe_limestone_x,
          uniq_edmund, uniq_menkaure
D:7:      layout_basic, serial_shops, shop, feat_on_display
D:8:      layout_layer_cave, erik_lair_island, minmay_shop_enchanted_jewellery,
          minmay_hedge_maze, grunt_ministairs_1, grunt_potential, uniq_maggie

Skill      XL: |  1  2  3  4  5  6  7  8 |
---------------+-------------------------+-----
Poison Magic   | 4 5 6 7 |  7.5
Fighting       | 1 2 4 |  4.0
Dodging        | 3 4 5 7 |  7.4
Conjurations   | 3 |  3.7
Fire Magic     | 2 |  2.0
Air Magic      | 2 |  2.0
Spellcasting   | 5 |  5.4
Stealth        | |  2.4
Transmutations | |  1.5

Action                   |  1- 3 |  4- 6 |  7- 9 || total
-------------------------+-------+-------+-------++-------
Melee: Dagger            |     1 |       |       ||     1
       Short sword       |    16 |    13 |    50 ||    79
 Cast: Sting             |    62 |    25 |    15 ||   102
       Poisonous Vapours |       |    58 |    36 ||    94
       Ignite Poison     |       |       |    17 ||    17
       Mephitic Cloud    |       |       |    13 ||    13
Invok: Curse Item        |       |       |     1 ||     1
  Use: Scroll            |       |     4 |     1 ||     5
       Potion            |       |     2 |     2 ||     4
 Stab: Sleeping          |     3 |       |     1 ||     4
       Confused          |       |       |     1 ||     1
Armor: Robe              |     8 |     9 |    29 ||    46
Dodge: Dodged            |    40 |    23 |    80 ||   143

Table legend: (Time is in decaauts)
 A = Elapsed time spent in this place.
 B = Non-inter-level travel time spent in this place.
 C = Inter-level travel time spent in this place.
 D = Time resting spent in this place.
 E = Time spent auto-exploring this place.
 F = Levels seen in this place.
 G = Mean time per level.
                   A        B        C        D        E       F      G
               +--------+--------+--------+--------+--------+-----+--------+
         Total |   9232 |   9047 |    185 |   2009 |   5367 |   8 | 1154.0 |
       Dungeon |   9232 |   9047 |    185 |   2009 |   5367 |   8 | 1154.0 |
               +--------+--------+--------+--------+--------+-----+--------+

Top non-repeatable levels by time:
     D:2: 1794 daAuts
     D:4: 1761 daAuts
     D:7: 1572 daAuts
     D:6: 1337 daAuts
     D:1: 958 daAuts
     D:3: 911 daAuts
     D:5: 703 daAuts
     D:8: 193 daAuts
